[ AOE2 MATCH · #470039631 ]
UnrankedMaya vs Cumans
[ REPLAY ANALYSIS · EXTRACTED FROM THE RECORDED GAME ]
Feudal
—
Castle
12:49
Imperial
—
| APM avg | 31.1 |
| APM peak | 54 |
| eAPM avg | 21.6 |
| Villagers / military | 21 / 30 |
Focus
⚔️ 42.3% · 🌾 57.7%
Archer ×14 · Spearman ×12 · Eagle Scout ×4
Feudal
—
Castle
11:34
Imperial
—
| APM avg | 49.9 |
| APM peak | 98 |
| eAPM avg | 18.8 |
| Villagers / military | 28 / 35 |
Focus
⚔️ 39.6% · 🌾 60.4%
Archer ×26 · Skirmisher ×7 · Scout Cavalry ×2
Feudal
—
Castle
9:46
Imperial
—
| APM avg | 38.9 |
| APM peak | 77 |
| eAPM avg | 16.1 |
| Villagers / military | 39 / 34 |
Focus
⚔️ 27.5% · 🌾 72.5%
Knight ×25 · Scout Cavalry ×9
Feudal
—
Castle
—
Imperial
—
| APM avg | 21.5 |
| APM peak | 42 |
| eAPM avg | 11.0 |
| Villagers / military | 31 / 19 |
Focus
⚔️ 21.4% · 🌾 78.6%
Scout Cavalry ×11 · Spearman ×8
Feudal
—
Castle
10:44
Imperial
—
| APM avg | 48.1 |
| APM peak | 62 |
| eAPM avg | 17.0 |
| Villagers / military | 37 / 29 |
Focus
⚔️ 24.0% · 🌾 76.0%
Knight ×18 · Scout Cavalry ×9 · Spearman ×2
Feudal
—
Castle
—
Imperial
—
| APM avg | 18.6 |
| APM peak | 37 |
| eAPM avg | 8.3 |
| Villagers / military | 16 / 37 |
Focus
⚔️ 43.5% · 🌾 56.5%
Archer ×37
Feudal
—
Castle
7:17
Imperial
—
| APM avg | 17.8 |
| APM peak | 32 |
| eAPM avg | 8.9 |
| Villagers / military | 38 / 5 |
Focus
⚔️ 25.8% · 🌾 74.2%
Serjeant ×5
Feudal
—
Castle
—
Imperial
—
| APM avg | 28.5 |
| APM peak | 59 |
| eAPM avg | 11.0 |
| Villagers / military | 32 / 21 |
Focus
⚔️ 22.8% · 🌾 77.2%
Knight ×14 · Spearman ×7
Match map
Initial resources + every placement click. Lines = walls · curves = elevation contours. ◆ gold · ⬟ stone · ● berries · ✦ relic · ◌ wall gap
Your base· Open — 4t gap
Magicbox_'s base· Open — unwalled flank
IamSepia's base· Open — 4t gap
TRIPLE MG2807's base· Open — unwalled flank
SrGotten's base· ✓ Closed at 10:44 · 26t walls · 1 gate(s)
After all this time?'s base· Open — unwalled flank
TWOB's base· Open — unwalled flank
IGOR81926's base· Open — unwalled flank
Smoothed initial terrain · ◌ = detected wall gap · hover for details
Inputs per minute
— TheNoobster - - Magicbox_
Build order — TheNoobster
94 actions detected in the replay
| 0:00 | Queue | Villager (Male) |
| 0:01 | Queue | Villager (Male) |
| 0:01 | Queue | Villager (Male) |
| 0:11 | Research | Scale Mail Armor |
| 0:26 | Queue | Eagle Scout |
| 0:35 | Queue | Villager (Male) |
| 0:39 | Build | Archery Range |
| 0:43 | Queue | Spearman |
| 1:02 | Queue | Villager (Male) |
| 1:05 | Queue | Villager (Male) |
| 1:30 | Build | House |
| 1:46 | Queue | Spearman |
| 1:52 | Queue | Archer |
| 1:58 | Build | House |
| 2:14 | Queue | Villager (Male) |
| 2:16 | Queue | Spearman |
| 2:22 | Build | House |
| 2:31 | Queue | Archer |
| 2:33 | Research | Fletching |
| 2:47 | Queue | Eagle Scout |
| 2:48 | Queue | Villager (Male) |
| 2:50 | Research | Forging |
| 2:57 | Queue | Archer |
| 2:59 | Build | House |
| 3:18 | Queue | Villager (Male) |
| 3:22 | Queue | Archer |
| 3:31 | Queue | Villager (Male) |
| 3:36 | Queue | Spearman |
| 3:44 | Build | House |
| 3:44 | Build | House |
| 3:49 | Queue | Spearman |
| 3:52 | Build | Palisade Wall |
| 3:54 | Build | House |
| 4:07 | Build | Palisade Wall |
| 4:20 | Queue | Spearman |
| 4:24 | Queue | Villager (Male) |
| 4:25 | Queue | Villager (Male) |
| 4:29 | Queue | Villager (Male) |
| 4:40 | Queue | Villager (Male) |
| 4:44 | Build | Farm |
| 4:44 | Build | Farm |
| 4:44 | Build | Farm |
| 4:44 | Build | Farm |
| 4:45 | Build | Farm |
| 4:45 | Build | Farm |
| 4:58 | Queue | Archer |
| 5:00 | Queue | Villager (Male) |
| 5:05 | Queue | Spearman |
| 5:16 | Build | Mill |
| 5:17 | Queue | Villager (Male) |
| 5:21 | Queue | Archer |
| 5:28 | Queue | Archer |
| 5:29 | Queue | Villager (Male) |
| 5:32 | Build | Mill |
| 5:34 | Research | Double-Bit Axe |
| 5:37 | Queue | Villager (Male) |
| 5:41 | Queue | Archer |
| 5:47 | Queue | Archer |
| 5:50 | Queue | Spearman |
| 6:13 | Queue | Archer |
| 6:18 | Queue | Villager (Male) |
| 6:29 | Queue | Spearman |
| 6:32 | Queue | Archer |
| 6:36 | Build | Farm |
| 6:37 | Queue | Villager (Male) |
| 6:50 | Build | Archery Range |
| 6:56 | Build | Palisade Wall |
| 6:58 | Build | Palisade Wall |
| 7:00 | Build | Palisade Wall |
| 7:07 | Queue | Archer |
| 7:10 | Build | House |
| 7:11 | Build | Palisade Wall |
| 7:23 | Queue | Archer |
| 7:45 | Queue | Spearman |
| 8:29 | Queue | Archer |
| 9:07 | Build | Farm |
| 9:15 | Build | Mining Camp |
| 9:22 | Build | Market |
| 10:02 | Build | Barracks |
| 10:05 | Build | Mining Camp |
| 10:10 | Research | Castle Age |
| 10:26 | Build | Mining Camp |
| 10:51 | Build | Barracks |
| 11:23 | Research | Gold Mining |
| 11:26 | Queue | Eagle Scout |
| 11:44 | Queue | Eagle Scout |
| 12:49 | Age | Castle Age |
| 13:02 | Build | Castle |
| 13:06 | Research | Pikeman (upgrade) |
| 13:06 | Queue | Spearman |
| 13:07 | Queue | Villager (Male) |
| 13:16 | Research | Squires |
| 13:22 | Build | Town Center |
| 13:33 | Queue | Spearman |
Build order — Magicbox_
96 actions detected in the replay
| 0:01 | Queue | Villager (Male) |
| 0:11 | Build | Stable |
| 0:22 | Queue | Villager (Male) |
| 0:32 | Research | Double-Bit Axe |
| 0:45 | Build | House |
| 0:48 | Queue | Villager (Male) |
| 0:59 | Queue | Scout Cavalry |
| 1:28 | Build | House |
| 1:30 | Build | House |
| 1:48 | Build | House |
| 1:52 | Build | House |
| 2:04 | Queue | Villager (Male) |
| 2:06 | Queue | Scout Cavalry |
| 2:18 | Build | Archery Range |
| 2:24 | Queue | Villager (Male) |
| 2:50 | Queue | Villager (Male) |
| 2:52 | Build | Archery Range |
| 2:57 | Research | Fletching |
| 3:08 | Build | Market |
| 3:14 | Research | Wheelbarrow |
| 3:17 | Queue | Archer |
| 3:25 | Queue | Villager (Male) |
| 3:30 | Queue | Archer |
| 3:39 | Build | Archery Range |
| 3:40 | Queue | Archer |
| 4:12 | Queue | Archer |
| 4:12 | Queue | Archer |
| 4:16 | Build | Mining Camp |
| 4:19 | Research | Gold Mining |
| 5:14 | Queue | Archer |
| 5:15 | Queue | Archer |
| 5:15 | Queue | Archer |
| 5:18 | Queue | Villager (Male) |
| 5:18 | Queue | Villager (Male) |
| 5:27 | Build | Town Center |
| 5:42 | Queue | Archer |
| 5:48 | Build | Mining Camp |
| 6:28 | Queue | Archer |
| 6:28 | Queue | Archer |
| 6:29 | Queue | Villager (Male) |
| 6:29 | Queue | Villager (Male) |
| 6:29 | Queue | Villager (Male) |
| 6:49 | Queue | Archer |
| 6:50 | Queue | Villager (Male) |
| 7:16 | Queue | Archer |
| 7:16 | Queue | Archer |
| 7:20 | Queue | Skirmisher |
| 7:20 | Queue | Skirmisher |
| 7:21 | Queue | Skirmisher |
| 7:30 | Build | Mill |
| 7:45 | Queue | Skirmisher |
| 7:50 | Build | House |
| 7:51 | Build | House |
| 7:51 | Build | House |
| 7:52 | Build | House |
| 7:52 | Build | House |
| 7:52 | Build | House |
| 8:54 | Research | Castle Age |
| 8:56 | Queue | Archer |
| 8:58 | Queue | Archer |
| 9:02 | Queue | Skirmisher |
| 9:27 | Queue | Skirmisher |
| 9:27 | Queue | Skirmisher |
| 9:32 | Research | Horse Collar |
| 9:34 | Research | Padded Archer Armor |
| 9:45 | Queue | Villager (Male) |
| 10:19 | Queue | Archer |
| 10:19 | Queue | Archer |
| 10:20 | Queue | Archer |
| 10:23 | Queue | Archer |
| 10:38 | Queue | Archer |
| 10:41 | Queue | Archer |
| 10:59 | Queue | Archer |
| 10:59 | Queue | Archer |
| 11:00 | Queue | Archer |
| 11:34 | Age | Castle Age |
| 11:41 | Build | Castle |
| 11:51 | Research | Crossbowman (upgrade) |
| 11:56 | Research | Bodkin Arrow |
| 12:03 | Queue | Archer |
| 12:04 | Queue | Villager (Male) |
| 12:20 | Queue | Villager (Male) |
| 12:23 | Queue | Villager (Male) |
| 12:23 | Queue | Villager (Male) |
| 12:34 | Build | Town Center |
| 12:47 | Queue | Villager (Male) |
| 12:47 | Queue | Villager (Male) |
| 13:04 | Build | Town Center |
| 13:10 | Queue | Villager (Male) |
| 13:40 | Queue | Villager (Male) |
| 13:40 | Queue | Villager (Male) |
| 13:41 | Queue | Villager (Male) |
| 14:25 | Queue | Villager (Male) |
| 14:25 | Queue | Villager (Male) |
| 14:26 | Queue | Villager (Male) |
| 14:27 | Queue | Villager (Male) |
Build order — IamSepia
119 actions detected in the replay
| 0:01 | Queue | Villager (Male) |
| 0:02 | Queue | Villager (Male) |
| 0:02 | Queue | Villager (Male) |
| 0:02 | Queue | Villager (Male) |
| 0:15 | Build | Stable |
| 0:31 | Build | House |
| 0:31 | Build | House |
| 0:48 | Queue | Scout Cavalry |
| 0:56 | Build | Farm |
| 0:58 | Research | Double-Bit Axe |
| 1:19 | Build | Farm |
| 1:29 | Queue | Scout Cavalry |
| 1:29 | Queue | Scout Cavalry |
| 1:38 | Build | Farm |
| 1:39 | Queue | Villager (Male) |
| 1:39 | Queue | Villager (Male) |
| 1:45 | Build | Farm |
| 1:50 | Queue | Scout Cavalry |
| 1:50 | Queue | Scout Cavalry |
| 2:15 | Build | Farm |
| 2:16 | Queue | Villager (Male) |
| 2:18 | Queue | Scout Cavalry |
| 2:20 | Build | House |
| 2:21 | Build | House |
| 2:22 | Build | House |
| 2:27 | Build | Mill |
| 2:46 | Queue | Scout Cavalry |
| 2:46 | Queue | Scout Cavalry |
| 2:53 | Queue | Villager (Male) |
| 3:18 | Queue | Villager (Male) |
| 3:19 | Queue | Villager (Male) |
| 3:21 | Build | Farm |
| 3:25 | Build | Farm |
| 3:26 | Build | Farm |
| 3:43 | Queue | Scout Cavalry |
| 3:45 | Queue | Villager (Male) |
| 3:49 | Build | House |
| 4:30 | Queue | Villager (Male) |
| 4:30 | Queue | Villager (Male) |
| 4:38 | Queue | Villager (Male) |
| 4:42 | Build | Farm |
| 4:43 | Build | Farm |
| 4:44 | Build | Farm |
| 4:46 | Build | Farm |
| 5:19 | Queue | Villager (Male) |
| 5:22 | Research | Scale Barding Armor |
| 6:05 | Queue | Villager (Male) |
| 6:20 | Queue | Villager (Male) |
| 6:54 | Research | Castle Age |
| 7:07 | Research | Forging |
| 7:20 | Build | Stable |
| 7:37 | Research | Gold Mining |
| 8:37 | Build | Stable |
| 8:55 | Build | Mining Camp |
| 9:46 | Age | Castle Age |
| 9:50 | Queue | Knight |
| 9:50 | Queue | Knight |
| 9:50 | Queue | Knight |
| 9:51 | Queue | Knight |
| 9:51 | Queue | Knight |
| 9:51 | Queue | Knight |
| 9:55 | Research | Chain Barding Armor |
| 9:56 | Research | Iron Casting |
| 9:57 | Queue | Villager (Male) |
| 9:57 | Queue | Villager (Male) |
| 9:58 | Queue | Villager (Male) |
| 10:02 | Build | Town Center |
| 10:06 | Build | Town Center |
| 10:11 | Research | Gold Shaft Mining |
| 10:13 | Queue | Knight |
| 10:13 | Queue | Knight |
| 10:32 | Queue | Knight |
| 10:33 | Queue | Knight |
| 10:49 | Queue | Villager (Male) |
| 10:52 | Build | Farm |
| 10:53 | Build | Farm |
| 10:55 | Build | Farm |
| 10:58 | Research | Bow Saw |
| 11:07 | Queue | Knight |
| 11:08 | Queue | Knight |
| 11:08 | Queue | Knight |
| 11:16 | Queue | Villager (Male) |
| 11:17 | Queue | Villager (Male) |
| 11:26 | Build | Farm |
| 11:31 | Queue | Knight |
| 11:37 | Queue | Knight |
| 11:46 | Build | House |
| 11:50 | Queue | Knight |
| 11:57 | Build | House |
| 11:59 | Build | House |
| 12:01 | Queue | Knight |
| 12:01 | Queue | Knight |
| 12:17 | Queue | Knight |
| 12:18 | Queue | Knight |
| 12:21 | Queue | Villager (Male) |
| 12:21 | Queue | Villager (Male) |
| 12:26 | Build | Farm |
| 12:30 | Queue | Knight |
| 12:31 | Queue | Knight |
| 12:37 | Build | Farm |
| 12:49 | Queue | Knight |
| 12:49 | Queue | Knight |
| 12:53 | Queue | Villager (Male) |
| 12:53 | Queue | Villager (Male) |
| 12:58 | Build | Farm |
| 12:59 | Build | House |
| 13:03 | Queue | Knight |
| 13:20 | Queue | Villager (Male) |
| 13:20 | Queue | Villager (Male) |
| 14:06 | Queue | Villager (Male) |
| 14:06 | Queue | Villager (Male) |
| 14:07 | Queue | Villager (Male) |
| 14:07 | Queue | Villager (Male) |
| 14:11 | Queue | Villager (Male) |
| 14:11 | Queue | Villager (Male) |
| 14:12 | Queue | Villager (Male) |
| 14:12 | Queue | Villager (Male) |
| 14:12 | Queue | Villager (Male) |
| 14:13 | Queue | Villager (Male) |
Build order — TRIPLE MG2807
86 actions detected in the replay
| 0:42 | Build | Mill |
| 0:53 | Queue | Spearman |
| 0:53 | Queue | Spearman |
| 0:54 | Queue | Spearman |
| 0:54 | Queue | Spearman |
| 0:54 | Queue | Spearman |
| 0:54 | Queue | Spearman |
| 0:54 | Queue | Spearman |
| 0:55 | Queue | Spearman |
| 1:58 | Research | Wheelbarrow |
| 2:40 | Build | House |
| 2:45 | Build | House |
| 3:24 | Build | House |
| 3:33 | Queue | Villager (Male) |
| 3:34 | Queue | Villager (Male) |
| 3:34 | Queue | Villager (Male) |
| 3:34 | Queue | Villager (Male) |
| 3:34 | Queue | Villager (Male) |
| 3:34 | Queue | Villager (Male) |
| 3:35 | Queue | Villager (Male) |
| 4:17 | Build | Farm |
| 4:20 | Research | Horse Collar |
| 4:23 | Research | Double-Bit Axe |
| 4:29 | Build | Farm |
| 4:37 | Build | House |
| 4:38 | Build | House |
| 4:40 | Build | House |
| 4:42 | Build | House |
| 4:44 | Build | House |
| 4:45 | Build | House |
| 4:47 | Build | House |
| 4:51 | Build | House |
| 4:53 | Build | House |
| 4:55 | Build | House |
| 4:56 | Build | House |
| 4:58 | Build | House |
| 5:10 | Build | Market |
| 5:18 | Queue | Villager (Male) |
| 5:18 | Queue | Villager (Male) |
| 5:18 | Queue | Villager (Male) |
| 5:18 | Queue | Villager (Male) |
| 5:18 | Queue | Villager (Male) |
| 5:19 | Queue | Villager (Male) |
| 5:19 | Queue | Villager (Male) |
| 5:19 | Queue | Villager (Male) |
| 5:38 | Build | Archery Range |
| 5:43 | Build | Stable |
| 6:33 | Queue | Scout Cavalry |
| 6:33 | Queue | Scout Cavalry |
| 6:34 | Queue | Scout Cavalry |
| 6:34 | Queue | Scout Cavalry |
| 7:12 | Build | Mining Camp |
| 7:42 | Build | Farm |
| 7:47 | Build | Farm |
| 8:02 | Build | Farm |
| 8:10 | Build | Farm |
| 8:17 | Build | Farm |
| 8:30 | Build | Farm |
| 8:51 | Build | Stone Wall |
| 9:15 | Build | Stone Wall |
| 9:56 | Queue | Villager (Male) |
| 9:56 | Queue | Villager (Male) |
| 9:56 | Queue | Villager (Male) |
| 9:56 | Queue | Villager (Male) |
| 9:57 | Queue | Villager (Male) |
| 9:57 | Queue | Villager (Male) |
| 9:57 | Queue | Villager (Male) |
| 9:57 | Queue | Villager (Male) |
| 9:57 | Queue | Villager (Male) |
| 9:58 | Queue | Villager (Male) |
| 9:58 | Queue | Villager (Male) |
| 9:58 | Queue | Villager (Male) |
| 9:59 | Queue | Villager (Male) |
| 9:59 | Queue | Villager (Male) |
| 9:59 | Queue | Villager (Male) |
| 9:59 | Queue | Villager (Male) |
| 10:25 | Build | Farm |
| 10:34 | Research | Man-at-Arms (upgrade) |
| 11:08 | Build | Farm |
| 12:07 | Queue | Scout Cavalry |
| 12:07 | Queue | Scout Cavalry |
| 12:07 | Queue | Scout Cavalry |
| 12:07 | Queue | Scout Cavalry |
| 12:08 | Queue | Scout Cavalry |
| 12:08 | Queue | Scout Cavalry |
| 12:08 | Queue | Scout Cavalry |
Build order — SrGotten
111 actions detected in the replay
| 0:03 | Queue | Villager (Male) |
| 0:14 | Build | Stable |
| 0:20 | Queue | Spearman |
| 0:30 | Queue | Villager (Male) |
| 0:44 | Build | House |
| 0:57 | Queue | Villager (Male) |
| 1:09 | Build | Stable |
| 1:12 | Queue | Scout Cavalry |
| 1:14 | Queue | Villager (Male) |
| 1:30 | Build | House |
| 1:41 | Queue | Scout Cavalry |
| 1:43 | Queue | Villager (Male) |
| 1:45 | Research | Forging |
| 1:59 | Build | House |
| 2:02 | Build | Palisade Wall |
| 2:07 | Queue | Villager (Male) |
| 2:25 | Queue | Scout Cavalry |
| 2:28 | Build | Farm |
| 2:31 | Build | Farm |
| 2:34 | Build | Farm |
| 2:40 | Queue | Villager (Male) |
| 2:47 | Build | House |
| 2:49 | Build | House |
| 2:59 | Queue | Villager (Male) |
| 3:02 | Build | Farm |
| 3:03 | Build | Farm |
| 3:29 | Queue | Scout Cavalry |
| 3:30 | Queue | Villager (Male) |
| 3:40 | Build | Farm |
| 3:41 | Queue | Spearman |
| 3:45 | Build | Farm |
| 3:59 | Queue | Scout Cavalry |
| 4:04 | Queue | Villager (Male) |
| 4:08 | Build | Farm |
| 4:24 | Build | Farm |
| 4:25 | Queue | Villager (Male) |
| 4:28 | Queue | Scout Cavalry |
| 4:29 | Queue | Scout Cavalry |
| 4:43 | Queue | Villager (Male) |
| 4:49 | Build | Mill |
| 4:54 | Build | House |
| 4:56 | Build | Palisade Wall |
| 5:10 | Queue | Villager (Male) |
| 5:13 | Build | Farm |
| 5:17 | Build | Farm |
| 5:23 | Queue | Villager (Male) |
| 5:28 | Queue | Scout Cavalry |
| 5:28 | Queue | Scout Cavalry |
| 5:39 | Queue | Villager (Male) |
| 5:47 | Build | Palisade Wall |
| 5:53 | Build | Farm |
| 5:54 | Build | Farm |
| 5:57 | Research | Scale Barding Armor |
| 6:01 | Build | House |
| 6:04 | Build | Palisade Gate |
| 6:07 | Build | Palisade Wall |
| 6:15 | Queue | Villager (Male) |
| 6:21 | Research | Double-Bit Axe |
| 6:52 | Build | Market |
| 7:06 | Queue | Villager (Male) |
| 7:39 | Queue | Villager (Male) |
| 7:54 | Research | Castle Age |
| 8:07 | Build | Stable |
| 8:20 | Research | Bloodlines |
| 8:44 | Build | Stable |
| 9:06 | Queue | Villager (Male) |
| 9:19 | Research | Horse Collar |
| 10:16 | Queue | Villager (Male) |
| 10:29 | Queue | Villager (Male) |
| 10:44 | Age | Castle Age |
| 10:47 | Build | Town Center |
| 10:50 | Build | Town Center |
| 10:52 | Queue | Villager (Male) |
| 10:58 | Build | Mill |
| 11:01 | Research | Husbandry |
| 11:02 | Research | Chain Barding Armor |
| 11:04 | Queue | Knight ×4 |
| 11:04 | Queue | Knight ×4 |
| 11:14 | Queue | Villager (Male) |
| 11:41 | Queue | Villager (Male) |
| 11:45 | Research | Gold Mining |
| 11:47 | Research | Heavy Plow |
| 11:54 | Queue | Villager (Male) |
| 12:15 | Queue | Knight |
| 12:15 | Queue | Knight |
| 12:17 | Queue | Villager (Male) |
| 12:18 | Queue | Villager (Male) |
| 12:32 | Queue | Villager (Male) |
| 12:32 | Queue | Villager (Male) |
| 12:33 | Queue | Villager (Male) |
| 12:47 | Build | Farm |
| 12:52 | Queue | Villager (Male) |
| 12:53 | Queue | Villager (Male) |
| 12:59 | Queue | Knight |
| 13:00 | Queue | Knight |
| 13:05 | Queue | Knight |
| 13:05 | Queue | Knight |
| 13:06 | Queue | Villager (Male) |
| 13:07 | Queue | Villager (Male) |
| 13:08 | Build | Farm |
| 13:11 | Queue | Villager (Male) |
| 13:17 | Build | Farm |
| 13:37 | Queue | Knight ×2 |
| 13:38 | Queue | Knight ×2 |
| 14:30 | Queue | Villager (Male) |
| 14:31 | Queue | Villager (Male) |
| 14:33 | Build | Farm |
| 14:34 | Build | Farm |
| 14:36 | Build | Farm |
| 14:38 | Build | Farm |
| 14:41 | Research | Bow Saw |
Build order — After all this time?
46 actions detected in the replay
| 0:05 | Build | Archery Range |
| 0:15 | Queue | Villager (Male) ×4 |
| 1:04 | Queue | Archer ×3 |
| 1:28 | Build | House |
| 1:30 | Build | House |
| 1:31 | Build | House |
| 1:32 | Build | House |
| 1:34 | Build | House |
| 1:36 | Build | House |
| 1:44 | Queue | Archer |
| 2:07 | Queue | Villager (Male) ×5 |
| 2:20 | Research | Gold Mining |
| 2:39 | Queue | Archer ×3 |
| 3:48 | Research | Fletching |
| 3:48 | Research | Padded Archer Armor |
| 4:00 | Queue | Archer ×3 |
| 4:01 | Queue | Archer |
| 4:19 | Build | Market |
| 4:25 | Build | Watch Tower |
| 4:52 | Build | Farm |
| 4:52 | Build | Farm |
| 4:52 | Build | Farm |
| 4:52 | Build | Farm |
| 4:54 | Build | Farm |
| 4:55 | Build | Farm |
| 4:56 | Build | Farm |
| 4:57 | Build | Farm |
| 4:59 | Build | Farm |
| 5:10 | Research | Double-Bit Axe |
| 5:41 | Research | Horse Collar |
| 6:08 | Research | Stone Mining |
| 6:20 | Queue | Archer ×3 |
| 6:21 | Queue | Archer ×3 |
| 6:27 | Queue | Archer |
| 6:29 | Queue | Archer |
| 6:47 | Queue | Archer ×2 |
| 7:06 | Queue | Villager (Male) ×5 |
| 7:39 | Build | Mining Camp |
| 8:33 | Build | Stone Wall |
| 8:54 | Queue | Villager (Male) |
| 8:58 | Queue | Villager (Male) |
| 10:11 | Research | Castle Age |
| 10:26 | Queue | Archer ×5 |
| 10:26 | Queue | Archer ×5 |
| 10:26 | Queue | Archer ×5 |
| 10:27 | Queue | Archer |
Build order — TWOB
69 actions detected in the replay
| 0:08 | Queue | Villager (Male) ×4 |
| 0:29 | Build | Donjon |
| 0:54 | Build | Farm |
| 0:54 | Build | Farm |
| 0:55 | Build | Farm |
| 0:55 | Build | Farm |
| 0:56 | Build | Farm |
| 1:25 | Build | Market |
| 1:44 | Build | House |
| 1:45 | Build | House |
| 1:48 | Build | House |
| 2:13 | Build | House |
| 2:29 | Build | Gate |
| 2:39 | Build | House |
| 2:40 | Build | House |
| 2:41 | Build | House |
| 2:53 | Queue | Villager (Male) |
| 2:54 | Queue | Villager (Male) |
| 2:56 | Build | Farm |
| 2:56 | Build | Farm |
| 2:56 | Build | Farm |
| 2:57 | Build | Farm |
| 2:57 | Build | Farm |
| 3:00 | Queue | Villager (Male) |
| 3:00 | Queue | Villager (Male) |
| 3:44 | Build | Stone Wall |
| 4:03 | Build | Mill |
| 4:37 | Research | Castle Age |
| 4:45 | Build | Mining Camp |
| 5:33 | Queue | Serjeant ×5 |
| 6:29 | Build | Stone Wall |
| 6:34 | Build | Stone Wall |
| 6:50 | Queue | Villager (Male) ×5 |
| 7:17 | Age | Castle Age |
| 7:28 | Build | Town Center |
| 8:05 | Research | Arson |
| 8:08 | Research | Squires |
| 8:09 | Research | Gambesons |
| 8:53 | Research | Horse Collar |
| 8:58 | Research | Double-Bit Axe |
| 9:00 | Queue | Villager (Male) ×5 |
| 9:54 | Queue | Villager (Male) ×5 |
| 10:22 | Build | Outpost |
| 10:44 | Build | Town Center |
| 10:56 | Build | Stone Wall |
| 11:04 | Build | Stone Wall |
| 11:08 | Build | Stone Wall |
| 11:14 | Build | Stone Wall |
| 11:37 | Build | Donjon |
| 11:52 | Research | Wheelbarrow |
| 11:55 | Queue | Villager (Male) ×5 |
| 12:20 | Build | House |
| 12:21 | Build | House |
| 12:22 | Build | House |
| 12:27 | Build | Gate |
| 13:26 | Build | Market |
| 13:31 | Build | Stone Wall |
| 13:37 | Build | Gate |
| 14:03 | Build | Farm |
| 14:04 | Build | Farm |
| 14:04 | Build | Farm |
| 14:04 | Build | Farm |
| 14:04 | Build | Farm |
| 14:04 | Build | Farm |
| 14:05 | Build | Farm |
| 14:05 | Build | Farm |
| 14:05 | Build | Farm |
| 14:07 | Queue | Villager (Male) ×5 |
| 14:24 | Queue | Villager (Male) ×5 |
Build order — IGOR81926
82 actions detected in the replay
| 0:50 | Research | Town Watch |
| 0:50 | Research | Town Watch |
| 0:52 | Queue | Villager (Male) |
| 0:52 | Queue | Villager (Male) |
| 1:08 | Build | Mill |
| 1:22 | Build | Farm |
| 1:23 | Build | Farm |
| 1:23 | Build | Farm |
| 1:25 | Build | Farm |
| 1:43 | Queue | Villager (Male) |
| 2:05 | Build | Market |
| 2:15 | Queue | Spearman |
| 2:32 | Queue | Villager (Male) |
| 2:37 | Build | House |
| 2:59 | Queue | Villager (Male) |
| 2:59 | Queue | Villager (Male) |
| 3:21 | Research | Castle Age |
| 3:21 | Research | Castle Age |
| 3:38 | Build | Mining Camp |
| 4:04 | Queue | Spearman |
| 4:04 | Queue | Spearman |
| 4:09 | Build | House |
| 4:33 | Research | Double-Bit Axe |
| 4:33 | Research | Double-Bit Axe |
| 5:25 | Queue | Spearman |
| 5:25 | Queue | Spearman |
| 5:48 | Queue | Spearman |
| 6:00 | Queue | Villager (Male) |
| 6:00 | Queue | Villager (Male) |
| 6:17 | Queue | Spearman |
| 6:21 | Queue | Villager (Male) |
| 6:39 | Research | Fletching |
| 6:58 | Build | Stable |
| 7:09 | Queue | Villager (Male) |
| 7:09 | Queue | Villager (Male) |
| 7:09 | Queue | Villager (Male) |
| 7:21 | Research | Pikeman (upgrade) |
| 7:21 | Research | Pikeman (upgrade) |
| 7:21 | Research | Pikeman (upgrade) |
| 7:55 | Build | Castle |
| 8:00 | Queue | Villager (Male) |
| 8:00 | Queue | Villager (Male) |
| 8:25 | Queue | Knight |
| 8:25 | Queue | Knight ×3 |
| 8:25 | Queue | Knight ×3 |
| 8:25 | Queue | Knight ×2 |
| 9:06 | Queue | Knight |
| 9:09 | Research | Scale Mail Armor |
| 9:10 | Research | Scale Mail Armor |
| 9:10 | Research | Scale Mail Armor |
| 9:41 | Queue | Villager (Male) |
| 9:42 | Queue | Villager (Male) |
| 9:43 | Queue | Villager (Male) |
| 9:43 | Queue | Villager (Male) |
| 9:57 | Build | Farm |
| 9:58 | Build | Farm |
| 10:02 | Build | Farm |
| 10:07 | Queue | Villager (Male) |
| 10:07 | Queue | Villager (Male) |
| 10:17 | Queue | Knight |
| 10:48 | Build | Town Center |
| 10:52 | Queue | Villager (Male) |
| 10:53 | Queue | Villager (Male) |
| 11:00 | Build | House |
| 11:02 | Build | House |
| 11:03 | Build | House |
| 11:10 | Queue | Knight |
| 11:10 | Queue | Knight |
| 11:10 | Queue | Knight |
| 11:42 | Queue | Villager (Male) |
| 11:42 | Queue | Villager (Male) |
| 11:59 | Research | Bow Saw |
| 11:59 | Research | Bow Saw |
| 12:14 | Queue | Villager (Male) |
| 12:14 | Queue | Villager (Male) |
| 12:25 | Queue | Villager (Male) |
| 13:02 | Queue | Villager (Male) |
| 13:02 | Queue | Villager (Male) |
| 13:05 | Queue | Villager (Male) |
| 13:06 | Queue | Villager (Male) |
| 13:29 | Build | Stone Wall |
| 13:38 | Queue | Villager (Male) |
Match timeline
| 0:05 | After all this time? · first_building Archery Range |
| 0:11 | Magicbox_ · first_building Stable |
| 0:14 | SrGotten · first_building Stable |
| 0:15 | IamSepia · first_building Stable |
| 0:29 | TWOB · first_building Donjon |
| 0:39 | TheNoobster · first_building Archery Range |
| 2:02 | SrGotten · wall_segment Palisade Wall x8 |
| 2:18 | Magicbox_ · first_building Archery Range |
| 3:18 | IGOR81926 · first_market_buy 100 food |
| 3:44 | TWOB · wall_segment Stone Wall x7 |
| 3:52 | TheNoobster · wall_segment Palisade Wall x1 |
| 4:07 | TheNoobster · wall_segment Palisade Wall x1 |
| 4:56 | SrGotten · wall_segment Palisade Wall x4 |
| 5:38 | TRIPLE MG2807 · first_building Archery Range |
| 5:43 | TRIPLE MG2807 · first_building Stable |
| 5:47 | SrGotten · wall_segment Palisade Wall x9 |
| 6:07 | SrGotten · wall_segment Palisade Wall x5 |
| 6:29 | TWOB · wall_segment Stone Wall x13 |
| 6:34 | TWOB · wall_segment Stone Wall x7 |
| 6:56 | TheNoobster · wall_segment Palisade Wall x1 |
| 6:58 | TheNoobster · wall_segment Palisade Wall x1 |
| 6:58 | IGOR81926 · first_building Stable |
| 6:59 | TWOB · first_market_buy 100 stone |
| 7:00 | TheNoobster · wall_segment Palisade Wall x1 |
| 7:11 | TheNoobster · wall_segment Palisade Wall x1 |
| 7:17 | TWOB · age_up castle |
| 7:50 | SrGotten · first_market_buy 100 food |
| 7:55 | IGOR81926 · first_building Castle |
| 8:33 | After all this time? · wall_segment Stone Wall x36 |
| 8:51 | TRIPLE MG2807 · wall_segment Stone Wall x37 |
| 9:15 | TRIPLE MG2807 · wall_segment Stone Wall x11 |
| 9:46 | IamSepia · age_up castle |
| 10:02 | TheNoobster · first_building Barracks |
| 10:08 | TheNoobster · first_market_sell 100 stone |
| 10:44 | SrGotten · age_up castle |
| 10:56 | TWOB · wall_segment Stone Wall x6 |
| 11:04 | TWOB · wall_segment Stone Wall x6 |
| 11:08 | TWOB · wall_segment Stone Wall x2 |
| 11:14 | TWOB · wall_segment Stone Wall x1 |
| 11:34 | Magicbox_ · age_up castle |
| 11:41 | Magicbox_ · first_building Castle |
| 12:29 | TheNoobster · first_market_buy 100 stone |
| 12:35 | After all this time? · resign |
| 12:49 | TheNoobster · age_up castle |
| 13:02 | TheNoobster · first_building Castle |
| 13:29 | IGOR81926 · wall_segment Stone Wall x9 |
| 13:31 | TWOB · wall_segment Stone Wall x6 |
[ AI ANALYSIS · 1 CREDIT ]
What really happened in this match?
Wolo.gg analyzes every decision: build order, eco, micro, common mistakes by bracket. Personalized analysis on WhatsApp or Discord in 30 seconds.
Civ guide
Maya
Perfil
Jugador #930782